 Dungeon Crawl Stone Soup version 0.29.1-15-g9cfb28693d (webtiles) character file.

Game seed: 4411513607198184855

137 EarthwalkerPL the Shield-Bearer (level 5, -1/47 HPs)
             Began as a Minotaur Fighter on Mar 25, 2023.
             Killed by nerve-wracking pain
             ... invoked by an orc priest
              (6 damage)
             ... on level 3 of the Dungeon.
             The game lasted 00:03:12 (2357 turns).

EarthwalkerPL the Shield-Bearer (Minotaur Fighter)  Turns: 2357, Time: 00:03:13

Health: -1/47      AC:  7    Str: 23    XL:     5   Next: 0%
Magic:  4/4        EV: 13    Int:  5    God:
Gold:   163        SH:  4    Dex:  9    Spells: 4/4 levels left

rFire   . . .      SeeInvis .   a - +0 war axe
rCold   . . .      Faith    .   c - +0 buckler
rNeg    . . .      Spirit   .   b - +0 scale mail
rPois   .          Reflect  .   (helmet restricted)
rElec   .          Harm     .   (no cloak)
rCorr   +          Rampage  .   (no gloves)
Will    .....                   (no boots)
Stlth   ..........              (no amulet)
HPRegen 0.15/turn               r - ring of resist corrosion
MPRegen 0.09/turn               v - +4 ring of evasion

@: no status effects
A: horns 2, retaliatory headbutt
a: no special abilities


You were on level 3 of the Dungeon.
You visited 1 branch of the dungeon, and saw 4 of its levels.

You collected 163 gold pieces.

Inventory:

Hand Weapons
 a - a +0 war axe (weapon)
Armour
 b - a +0 scale mail (worn)
 c - a +0 buckler (worn)
 e - +0 pearl dragon scales
 n - a +0 plate armour
Jewellery
 r - a ring of resist corrosion (left hand)
 v - a +4 ring of evasion (right hand)
Wands
 u - a wand of mindburst (4)
Scrolls
 h - a scroll of brand weapon {unknown}
 i - 4 scrolls of teleportation {unknown}
 j - a scroll of enchant armour {unknown}
 l - a scroll of noise {unknown}
 m - 2 scrolls of identify {unknown}
 p - a scroll of magic mapping {unknown}
Potions
 d - 3 potions of might
 f - 4 potions of curing {unknown}
 g - 2 potions of haste {unknown}
 k - a potion of brilliance {unknown}
 o - a potion of lignification {unknown}
 q - a potion of degeneration {unknown}
 s - a potion of cancellation {unknown}
 t - a potion of berserk rage {unknown}


   Skills:
 + Level 4.4 Fighting
 * Level 4.4 Axes
 + Level 4.4 Armour
 + Level 4.4 Shields


You had 4 spell levels left.
You didn't know any spells.
Your spell library contained the following spells:

 Spells                   Type           Power      Damage    Failure   Level
 Foxfire                  Conj/Fire      0%         2x1d4     86%         1
 Confusing Touch          Hex            0%         N/A       99%         3
 Conjure Flame            Conj/Fire      0%         6-21      99%         3
 Inner Flame              Hex/Fire       0%         N/A       99%         3
 Flame Wave               Conj/Fire      0%         2d4       100%        4
 Yara's Violent Unravell  Hex/Tmut       0%         3d3       100%        5
 Enfeeble                 Hex            0%         N/A       100%        7


Dungeon Overview and Level Annotations

Branches:
Dungeon (4/15)
 Temple: D:4-7

Altars:
Uskayaw


Innate Abilities, Weirdness & Mutations

You have a pair of horns on your head.
You reflexively headbutt those who attack you in melee.


Message History

The orc priest mumbles some strange prayers to Beogh against you.
Beogh smites you!
* * * LOW HITPOINT WARNING * * *
You are too injured to fight recklessly!
You are too injured to fight recklessly!
You are too injured to fight recklessly!
Unknown command.
You are too injured to fight recklessly!
You hit the orc but do no damage. You headbutt the orc, but do no damage.
The orc is severely wounded.
The orc hits you but does no damage. The orc barely misses you.
You block the orc's attack.
You hit the orc but do no damage.
The orc is heavily wounded.
You slash the orc!
You kill the orc!
The orc closely misses you.
You closely miss the orc. Your headbutt misses the orc.
The orc is heavily wounded.
You block the orc's attack.
You slash the orc!
You kill the orc!
You have reached level 5!
The orc priest barely misses you.
You hit the orc priest. Your headbutt misses the orc priest.
The orc priest is lightly wounded.
The orc priest invokes the aid of Beogh against you.
Beogh smites you!
* * * LOW HITPOINT WARNING * * *
The orc priest calls down the wrath of Beogh upon you.
Pain shoots through your body!
* * * LOW HITPOINT WARNING * * *
You hit the orc priest.
The orc priest is moderately wounded.
The orc priest hits you but does no damage.
You slash the orc priest!
The orc priest is severely wounded.
The orc priest mumbles some strange prayers to Beogh against you.
Pain shoots through your body!
You die...

## .##### .....#
##)###.# #o)#.#.#
##### #@##.#.# ...#
#.#....#.#####.#####
#..................)
#.#....#.#.....#####
#.##.###.#.....## .
#.....#......# ..
#######......# ..
#...<..# ...
####...#


You could see an orc priest.

Vanquished Creatures
  Jessica (D:2)
  Ijyb (D:3)
  An adder (D:2)
  An adder zombie (D:2)
  A worm (D:2)
  3 dart slugs (D:1)
  5 orcs (D:3)
  5 bats
  5 endoplasms
  A giant cockroach (D:2)
  4 hobgoblins
  3 kobolds
  5 quokkas
  6 ball pythons
  A ball python skeleton (D:2)
  A ball python zombie (D:2)
  4 frilled lizards
  6 goblins
  A quokka skeleton (D:2)
  A quokka zombie (D:2)
  4 rats
60 creatures vanquished.

Vanquished Creatures (others)
  A withered plant (D:2)
1 creature vanquished.

Grand Total: 61 creatures vanquished

Notes
Turn   | Place    | Note
-------+----------+-------------------------------------------
     0 | D:1      | EarthwalkerPL the Minotaur Fighter began the quest for the
                  | Orb.
     0 | D:1      | Reached XP level 1. HP: 19/19 MP: 0/0
   153 | D:1      | Reached XP level 2. HP: 26/27 MP: 1/1
   265 | D:1      | Found a faded altar of an unknown god.
   652 | D:1      | Reached XP level 3. HP: 33/33 MP: 2/2
   937 | D:2      | Noticed Jessica
   943 | D:2      | Killed Jessica
   944 | D:2      | Reached XP level 4. HP: 37/40 MP: 3/3
  1064 | D:2      | Found a hide-covered altar of Uskayaw.
  1737 | D:3      | Noticed Ijyb
  1834 | D:3      | HP: 2/40 [disintegration (5)]
  1835 | D:3      | Killed Ijyb
  2352 | D:3      | Reached XP level 5. HP: 14/47 MP: 4/4
  2357 | D:3      | Killed from afar by an orc priest

Illustrated notes

Levels and vault maps discovered:
D:1:      dpeg_arrival_pits, layout_loops_ring,
          shapermc_ecumenical_altar_notcrosses
D:2:      layout_loops_ring, basic_altar, serial_undead, serial_undead_c,
          serial_undead_c, serial_undead_c, serial_undead_a, serial_undead_b,
          roderic_malta_cross, uniq_jessica
D:3:      layout_basic, chequers_serial_rivers_micro_c, serial_park_tiny_1,
          uniq_ijyb
D:4:      layout_loops_cross, nicolae_qazlal_eye_of_the_storm, trog_book,
          mainiacjoe_overflow_paths, uniq_natasha

Skill      XL: |  1  2  3  4 |
---------------+-------------+-----
Axes           | 3 4 |  4.4
Shields        | 4 |  4.4
Armour         | 4 |  4.4
Fighting       | 4 |  4.4

Action                   |  1- 3 |  4- 6 || total
-------------------------+-------+-------++-------
Melee: War axe           |    80 |    58 ||   138
       Headbutt          |    10 |     7 ||    17
Armor: Scale mail        |    29 |    19 ||    48
Dodge: Dodged            |    44 |    29 ||    73
Block: Buckler           |    17 |     8 ||    25
